AoeStats
← Dieguin

Four Lakes

510184967Analyzed
1v1 RM · 3d ago on Sep 29, 2026· 48m 41s· 2 players
Game mode
Random Map
Map size
Tiny (2 player)
Population
200
Speed
Normal
Resources
Standard
Victory
Conquest
Starting age
Dark Age
Ending age
Imperial Age
RankedLock teamsTeams togetherTeam positionsShared explorationLock speedFull tech treeHidden civsTurbo modeCheats
Victory
Defeat
🇺🇸 Dravidians · United States
729
+18
🇨🇴 Cumans · Colombia
764
-18
Stamone05
0:36 Loom
12:27 Feudal Age
14:18 Double-Bit Axe
14:45 Town Watch
15:44 Wheelbarrow
16:50 Fletching
18:50 Gold Mining
20:18 Padded Archer Armor
24:28 Castle Age
24:12 Fishing Lines
26:45 Thumb Ring
26:01 Crossbowman
27:19 Hand Cart
27:18 Gillnets
27:52 Elite Skirmisher
28:53 Stone Mining
30:35 Husbandry
37:06 Ballistics
37:25 Bow Saw
40:17 Medical Corps
40:30 Scale Barding Armor
42:14 Chain Barding Armor
41:50 Bodkin Arrow
42:08 Forging
47:43 Imperial Age
48:55 Conscription
49:12 Conscription
48:22 Light Cavalry
Dieguin
7:31 Loom
10:09 Feudal Age
10:37 Double-Bit Axe
22:15 Wheelbarrow
22:41 Padded Archer Armor
24:19 Scale Mail Armor
28:50 Castle Age
29:30 Bloodlines
29:40 Scale Barding Armor
30:11 Fishing Lines
31:00 Capped Ram
31:10 Elite Skirmisher
33:05 Pikeman
40:29 Chain Barding Armor
40:00 Fletching
Connection lost

Rejoining the realm…

Still unreachable

The connection could not be restored.

Session expired

The server has moved on; the page needs a fresh start.